Map: Frozen Temple

Players

HadeZ

  • Race: Protoss Protoss
  • League: Silver

LamiA - Winner!

  • Race: Protoss Protoss
  • League: Gold

VOD

Have the link to the VOD?

Description

Time

  • Played on: Sept. 27, 2016, 8:32 p.m.
  • Length: 14:24
Show
View Real Time Build Order
Export as new Build Order

HadeZ Protoss 

Build Orders: 1 Gate Expand 

Get SALT Encoding   

  12  0:01  Probe (Chrono Boost)  
  13  0:17  Pylon  
  13  0:18  Probe (Chrono Boost)  
  15  0:28  Probe (Chrono Boost)  
  15  0:36  Gateway  
  15  0:39  Probe (Chrono Boost)  
  16  0:46  Assimilator  
  16  0:50  Probe (Chrono Boost)  
  17  1:00  Probe (Chrono Boost)  
  19  1:11  Probe (Chrono Boost)  
  19  1:22  Probe (Chrono Boost)  
  20  1:32  Probe (Chrono Boost)  
  21  1:44  Nexus  
  21  2:01  Pylon  
  21  2:06  Probe (Chrono Boost)  
  21  2:07  Pylon  
  22  2:08  Assimilator  
  22  2:16  Probe (Chrono Boost)  
  22  2:21  Zealot  
  25  2:27  Probe (Chrono Boost)  
  25  2:28  Cybernetics Core  
  26  2:43  Gateway x2  
  26  2:56  Warp Gate  
  26  2:59  Probe (Chrono Boost)  
  26  3:02  Probe (Chrono Boost)  
  28  3:07  Pylon  
  28  3:09  Probe (Chrono Boost)  
  29  3:16  Mothership Core (Chrono Boost)  
  30  3:29  Robotics Facility  
  30  3:31  Probe (Chrono Boost)  
  31  3:36  Probe (Chrono Boost)  
  32  3:41  Probe (Chrono Boost)  
  33  3:49  Twilight Council  
  33  3:51  Forge  
  33  3:59  Probe x2 (Chrono Boost)  
  33  4:01  Pylon  
  36  4:10  Probe (Chrono Boost)  
  36  4:11  Probe (Chrono Boost)  
  36  4:15  Stalker  
  36  4:16  Stalker  
  41  4:19  Blink, Observer  
  42  4:25  Protoss Ground Weapons Level 1  
  42  4:26  Gateway  
  42  4:29  Probe (Chrono Boost)  
  42  4:30  Probe (Chrono Boost)  
  44  4:46  Gateway  
  44  4:50  Pylon  
  44  4:54  Probe (Chrono Boost)  
  44  4:55  Probe (Chrono Boost)  
  50  5:07  Immortal  
  50  5:23  Stalker x2  
  50  5:24  Stalker  
  56  5:31  Probe x2 (Chrono Boost)  
  60  5:42  Stalker  
  60  5:43  Probe x2 (Chrono Boost)  
  60  5:44  Assimilator  
  60  5:46  Assimilator  
  62  5:50  Forge  
  62  5:54  Pylon  
  62  5:56  Stalker  
  64  5:57  Stalker  
  64  6:01  Pylon  
  64  6:03  Pylon  
  66  6:09  Protoss Ground Armor Level 1  
  66  6:14  Stalker  
  66  6:15  Stalker x2, Warp Prism  
  71  7:00  Immortal  
  61  7:02  Stalker x2  
  69  7:20  Protoss Ground Weapons Level 2  
  69  7:28  Zealot x5  
  79  7:48  Immortal  
  79  7:53  Nexus  
  84  7:58  Mothership Core (Chrono Boost)  
  84  8:02  Probe (Chrono Boost)  
  85  8:08  Pylon  
  85  8:11  Pylon  
  86  8:14  Probe (Chrono Boost)  
  86  8:15  Stalker x3  
  86  8:16  Stalker  
  86  8:18  Probe (Chrono Boost)  
  95  8:21  Stalker  
  95  8:26  Probe (Chrono Boost)  
  98  8:28  Protoss Ground Armor Level 2  
  98  8:45  Charge  
  98  8:47  Assimilator  
  98  8:50  Zealot x3  
  98  8:51  Zealot, Assimilator  
  106  8:55  Photon Cannon  
  106  8:57  Photon Cannon  
  106  9:01  Photon Cannon  
  105  9:31  Observer  
  93  10:19  Protoss Ground Weapons Level 3  
  93  10:23  Probe (Chrono Boost)  
  93  10:24  Probe (Chrono Boost)  
  93  10:26  Probe (Chrono Boost)  
  96  10:32  Stalker  
  96  10:33  Stalker x4  
  108  10:36  Probe x2 (Chrono Boost)  
  108  10:37  Probe (Chrono Boost)  
  109  10:44  Immortal  
  109  10:48  Probe x2 (Chrono Boost)  
  115  10:58  Probe (Chrono Boost)  
  115  10:59  Photon Cannon  
  115  11:00  Probe x2 (Chrono Boost)  
  115  11:01  Photon Cannon  
  111  11:17  Sentry x3  
  117  11:19  Stalker x2  
  121  11:35  Robotics Bay  
  113  11:57  Stalker  
  113  11:58  Stalker x4  
  123  12:25  Stalker  
  123  12:26  Stalker x4  
  61  13:17  Stalker  
  61  13:18  Stalker x3  
  69  13:23  Observer  
  48  13:51  Stalker x3  
  48  13:52  Stalker x2  
  51  13:59  Stalker x2  
Show
View Real Time Build Order
Export as new Build Order

LamiA Protoss - Winner!

Build Orders:  

Get SALT Encoding   

  12  0:02  Probe (Chrono Boost)  
  14  0:17  Probe (Chrono Boost)  
  14  0:33  Pylon  
  14  0:34  Probe (Chrono Boost)  
  15  0:37  Assimilator  
  15  0:51  Probe (Chrono Boost)  
  15  0:53  Gateway  
  15  0:56  Pylon  
  16  1:02  Probe (Chrono Boost)  
  17  1:12  Pylon, Probe (Chrono Boost)  
  18  1:23  Probe (Chrono Boost)  
  19  1:34  Probe (Chrono Boost)  
  20  1:40  Cybernetics Core  
  20  1:51  Probe (Chrono Boost)  
  21  1:58  Pylon, Assimilator  
  21  2:04  Probe (Chrono Boost)  
  22  2:18  Robotics Facility  
  22  2:32  Probe (Chrono Boost), Adept  
  22  2:36  Warp Gate  
  25  2:43  Mothership Core (Chrono Boost)  
  26  3:06  Pylon  
  26  3:08  Pylon  
  26  3:17  Nexus  
  26  3:18  Adept  
  28  3:24  Observer  
  29  3:29  Gateway  
  29  3:36  Gateway  
  29  3:43  Probe (Chrono Boost)  
  30  3:51  Observer  
  32  3:55  Probe (Chrono Boost)  
  32  4:00  Twilight Council  
  32  4:09  Forge, Probe (Chrono Boost)  
  33  4:17  Adept  
  33  4:20  Sentry  
  33  4:23  Sentry  
  39  4:31  Observer  
  39  4:34  Probe x2 (Chrono Boost)  
  42  4:43  Protoss Ground Weapons Level 1  
  42  4:44  Probe (Chrono Boost), Assimilator  
  43  4:46  Assimilator  
  43  4:58  Adept  
  45  5:24  Stalker x3  
  45  5:26  Probe x2 (Chrono Boost)  
  53  5:36  Probe (Chrono Boost)  
  53  5:37  Probe (Chrono Boost)  
  53  5:41  Immortal  
  59  5:47  Probe x2 (Chrono Boost)  
  61  5:52  Blink  
  61  5:58  Probe (Chrono Boost)  
  62  6:05  Stalker x2  
  66  6:19  Probe (Chrono Boost), Warp Prism  
  66  6:20  Probe (Chrono Boost)  
  70  6:28  Protoss Ground Armor Level 1  
  70  6:35  Stalker x2  
  64  7:07  Stalker x3  
  70  7:08  Immortal  
  70  7:15  Probe x2 (Chrono Boost)  
  76  7:25  Templar Archives, Pylon  
  76  7:39  Dark Shrine  
  76  7:43  Photon Cannon  
  76  7:46  Photon Cannon  
  76  8:03  Psionic Storm  
  76  8:05  Protoss Ground Weapons Level 2  
  76  8:07  Observer  
  76  8:12  High Templar x2  
  81  8:22  Gateway  
  81  8:25  Gateway  
  81  8:27  Gateway  
  81  8:36  Archon  
  81  8:52  Observer  
  82  9:05  Dark Templar x2  
  86  9:57  Nexus  
  86  9:58  Pylon  
  84  10:00  Pylon  
  84  10:02  Pylon  
  84  10:06  Pylon  
  84  10:09  Pylon  
  84  10:13  High Templar  
  84  10:14  High Templar x2  
  86  10:19  Probe x2 (Chrono Boost)  
  88  10:31  Sentry x3, Probe x2 (Chrono Boost)  
  94  10:36  Photon Cannon  
  94  10:37  Photon Cannon  
  94  10:38  Photon Cannon  
  94  10:42  Photon Cannon, Probe x2 (Chrono Boost)  
  96  10:45  Immortal  
  100  10:52  Probe x2 (Chrono Boost)  
  102  11:03  Probe x2 (Chrono Boost)  
  104  11:12  Stalker x3  
  104  11:13  Stalker x3  
  116  11:21  Probe x2 (Chrono Boost)  
  116  11:24  Immortal, Assimilator  
  122  11:26  Assimilator  
  120  11:54  Stalker x4  
  120  11:55  Dark Templar  
  120  11:56  Dark Templar  
  134  12:01  Mothership Core (Chrono Boost)  
  134  12:11  Immortal  
  136  12:25  High Templar  
  136  12:26  High Templar  
  140  12:42  Pylon  
  138  12:48  Pylon x2  
  138  12:50  Pylon, Immortal  
  134  12:53  Pylon  
  88  13:22  Dark Templar x4  
  88  13:23  Dark Templar x2  
Tags
 
Add a new tag
Caveats
  • Supply blocks, unpowered buildings, or Contaminate may cause inaccurate times.
  • Supply counts are checked every 10 seconds.